 Dungeon Crawl Stone Soup version 0.19-a0-599-g723c685 (webtiles) character file.

530 Magifyre the Firebug (level 7, 0/36 HPs)
             Began as a Deep Elf Fire Elementalist on June 10, 2016.
             Killed by divine providence
             ... invoked by an orc priest
              (16 damage)
             ... on level 4 of the Dungeon.
             The game lasted 00:22:10 (4729 turns).

Magifyre the Firebug (Deep Elf Fire Elementalist)   Turns: 4729, Time: 00:22:10

Health: 0/36       AC:  8    Str:  5    XL:     7   Next: 3%
Magic:  7/16       EV: 13    Int: 22    God:
Gold:   256        SH:  0    Dex: 15    Spells: 4 memorised, 5 levels left

rFire  . . .     SeeInvis .     e - -1 falchion (curse)
rCold  . . .     Gourm    .     v - +2 robe {MR+}
rNeg   . . .     Faith    .     (no shield)
rPois  .         Spirit   .     (no helmet)
rElec  .         Dismiss  .     (no cloak)
rCorr  .         Reflect  .     r - +2 pair of gloves
SustAt .         Harm     +     j - +0 pair of boots
MR     +....                    l - amulet of harm
Stlth  ++........               (no ring)
                                (no ring)

@: somewhat resistant to hostile enchantments, unstealthy
A: no striking features
a: no special abilities


You were on level 4 of the Dungeon.
You were not hungry.

You visited 1 branch of the dungeon, and saw 4 of its levels.

You collected 256 gold pieces.

Inventory:

Hand Weapons
 e - a cursed -1 falchion (weapon)
 h - a +0 whip
Armour
 j - a +0 pair of boots (worn)
 r - a +2 pair of gloves (worn)
 v - a +2 robe of magic resistance (worn)
Jewellery
 k - a cursed amulet of inaccuracy {unknown}
 l - an amulet of harm (around neck)
 A - a +2 ring of evasion {unknown}
Wands
 u - a wand of flame (28/48)
Scrolls
 g - 4 scrolls of recharging
 s - a scroll of identify {unknown}
 t - a scroll of remove curse {unknown}
 w - a scroll of fog
 y - a scroll of immolation {unknown}
 z - 2 scrolls of amnesia {unknown}
Potions
 a - a potion of brilliance {unknown}
 d - 2 potions of degeneration {unknown}
 m - 3 potions of curing {unknown}
 o - a potion of heal wounds {unknown}
 p - a potion of agility {unknown}
 q - a potion of resistance {unknown}
Books
 b - a book of Flames

   Spells                             Type                      Level
   a - Flame Tongue                   Conjuration/Fire             1
   b - Throw Flame                    Conjuration/Fire             2
   c - Conjure Flame                  Conjuration/Fire             3
   d - Inner Flame                    Hexes/Fire                   3
   e - Sticky Flame                   Conjuration/Fire             4
   f - Fireball                       Conjuration/Fire             5
Comestibles
 c - 4 bread rations
 f - 4 meat rations
 i - 3 fruits
 n - a royal jelly


   Skills:
 - Level 2.4 Dodging
 - Level 2.4 Stealth
 + Level 4.8 Spellcasting
 * Level 5.7 Conjurations
 * Level 5.8 Fire Magic


You had 5 spell levels left.
You knew the following spells:

 Your Spells              Type           Power        Failure   Level  Hunger
a - Flame Tongue          Conj/Fire      ####.        1%          1    None
b - Throw Flame           Conj/Fire      ####..       1%          2    None
c - Conjure Flame         Conj/Fire      ####....     2%          3    ##.....
d - Sticky Flame          Conj/Fire      ####....     12%         4    ####...


Dungeon Overview and Level Annotations

Branches:
Dungeon (4/15)
 Temple: D:4-7

Altars:

Annotations:
D:3 Robin


Message History

Casting: Flame Tongue
Confirm with . or Enter, or press ? or * to list all spells.
Aiming: Flame Tongue
Press: ? - help, Shift-Dir - straight line, f/p - orc priest
Aim: an orc priest, wielding a flail and wearing a scale mail (moderately wounded)
The flame tongue hits the orc priest.
The orc priest is almost dead.
The orc priest calls down the wrath of Beogh upon you.
You easily resist.
Unknown command.
Casting: Flame Tongue
Confirm with . or Enter, or press ? or * to list all spells.
Aiming: Flame Tongue
Press: ? - help, Shift-Dir - straight line, f/p - orc priest
Aim: an orc priest, wielding a flail and wearing a scale mail (almost dead)
The flame tongue hits the orc priest.
The orc priest appears unharmed.
The orc priest is almost dead.
The orc priest invokes the aid of Beogh against you.
Beogh smites you!
You die...

#.# #####.#
#.....#
#.##### #.#
#.# #.#
########.#
#.@......#
#ยง########
#o #) .. ##


You could see an orc priest.

Vanquished Creatures
  Sigmund (D:3)
  A phantom (D:4)
  Natasha (thrice) (D:2)
  Ijyb (D:2)
  Terence (D:3)
  6 adders
  A worm (D:3)
  5 dart slugs
  5 giant geckos
  4 orcs
  5 giant cockroaches
  7 goblins
  13 hobgoblins
  12 jackals
  8 kobolds
  A quokka (D:2)
  A ball python (D:1)
  8 bats
  8 giant newts
  7 rats
98 creatures vanquished.

Notes
Turn   | Place    | Note
--------------------------------------------------------------
     0 | D:1      | Magifyre the Deep Elf Fire Elementalist began the quest for the Orb.
     0 | D:1      | Reached XP level 1. HP: 10/10 MP: 6/6
   135 | D:1      | Reached XP level 2. HP: 9/15 MP: 6/8
   157 | D:1      | Learned a level 2 spell: Throw Flame
   658 | D:1      | Reached XP level 3. HP: 19/19 MP: 0/9
  1423 | D:2      | Found a faded altar of an unknown god.
  1446 | D:2      | Noticed Ijyb
  1454 | D:2      | Killed Ijyb
  1454 | D:2      | Reached XP level 4. HP: 23/24 MP: 2/10
  1561 | D:2      | Noticed Natasha
  1565 | D:2      | Killed Natasha
  1739 | D:2      | Learned a level 3 spell: Conjure Flame
  1744 | D:2      | Learned a level 4 spell: Sticky Flame
  1853 | D:2      | Noticed Natasha
  1862 | D:2      | Killed Natasha
  2072 | D:2      | Reached XP level 5. HP: 28/28 MP: 9/12
  2694 | D:2      | Noticed Natasha
  2695 | D:2      | Killed Natasha
  2863 | D:3      | Noticed Terence
  2891 | D:3      | Killed Terence
  3399 | D:3      | Noticed Sigmund
  3635 | D:3      | Reached XP level 6. HP: 32/32 MP: 6/14
  3784 | D:3      | Reached skill level 5 in Fire Magic
  3811 | D:3      | Killed Sigmund
  3811 | D:3      | Reached skill level 5 in Conjurations
  3812 | D:3      | Noticed Robin
  4618 | D:4      | Reached XP level 7. HP: 36/36 MP: 6/16
  4729 | D:4      | Killed from afar by an orc priest

Vault maps used:
D:1:      eino_arrival_water_star, minivault_23
D:2:      first_bread, ecumenical_altar_2, uniq_natasha, uniq_iyjb
D:3:      nicolae_overflow_hidden_temple, minmay_liquid_box, uniq_terence,
          uniq_sigmund, uniq_robin
D:4:      minmay_stone_trees_small, minmay_misc_feat_nine_boxes

Skill      XL: |  1  2  3  4  5  6 |
---------------+-------------------+-----
Conjurations   | 2 3 4 5 |  5.7
Fire Magic     | 4 5 |  5.8
Spellcasting   | 4 |  4.8
Dodging        | |  2.4
Stealth        | |  2.4

Action                   |  1- 3 |  4- 6 |  7- 9 || total
-------------------------+-------+-------+-------++-------
Melee: Whip              |       |     3 |       ||     3
 Cast: Flame Tongue      |    26 |    62 |     8 ||    96
       Throw Flame       |    37 |    55 |       ||    92
       Conjure Flame     |       |     5 |     1 ||     6
  Use: Scroll            |       |     4 |       ||     4
  Eat: Chunk             |     3 |    11 |       ||    14
Armor: Robe              |     3 |     1 |       ||     4
Dodge: Dodged            |     5 |     6 |       ||    11
